AoeStats
← dashuaibi

Black Forest

507480562Analyzed
4v4 RM · 14d ago on Sep 18, 2026· 48m 25s· 8 players
Game mode
Random Map
Map size
Large (8 player)
Population
200
Speed
Normal
Resources
Standard
Victory
Conquest
Starting age
Dark Age
Ending age
Imperial Age
RankedLock teamsTeams togetherTeam positionsShared explorationLock speedFull tech treeHidden civsTurbo modeCheats
Victory
Defeat
🇨🇳 Slavs · China
1423
+13
🇦🇺 Poles · Australia
1398
+14
🇨🇳 Byzantines · China
1363
+15
🇨🇳 Khmer · China
1287
+17
🇹🇼 Koreans · Taiwan
1353
-15
🇲🇽 Italians · Mexico
1349
-15
🇧🇷 Armenians · Brazil
1344
-15
🇹🇼 Spanish · Taiwan
1333
-14
Niccals_
2:36 Loom
11:59 Feudal Age
13:17 Double-Bit Axe
13:31 Horse Collar
15:54 Castle Age
14:16 Gold Mining
25:31 Wheelbarrow
25:15 Bow Saw
25:30 Heavy Plow
25:26 Stone Mining
28:54 Imperial Age
28:59 Fletching
29:09 Padded Archer Armor
31:36 Bodkin Arrow
31:57 Leather Archer Armor
33:00 Chemistry
32:21 Ballistics
35:17 Conscription
34:36 Elite Genoese Crossbowman
38:52 Bracer
39:38 Ring Archer Armor
39:47 Scale Barding Armor
39:52 Forging
43:44 Iron Casting
43:30 Chain Barding Armor
42:48 Light Cavalry
43:39 Bloodlines
43:30 Husbandry
45:44 Blast Furnace
44:15 Hussar
46:22 Plate Barding Armor
y3imy3
0:39 Loom
10:55 Feudal Age
11:31 Double-Bit Axe
12:06 Town Watch
14:52 Castle Age
13:12 Double-Bit Axe
13:20 Gold Mining
16:11 Bloodlines
16:16 Horse Collar
23:32 Scale Barding Armor
24:54 Chain Barding Armor
26:38 Stone Mining
32:48 Loom
36:29 Imperial Age
35:22 Wheelbarrow
36:12 Husbandry
37:36 Conscription
40:14 Padded Archer Armor
45:41 Elite Conquistador
weber
0:38 Loom
12:52 Feudal Age
12:58 Man-at-Arms
14:19 Arson
14:40 Double-Bit Axe
14:44 Horse Collar
16:07 Fletching
23:18 Castle Age
22:21 Gold Mining
24:33 Bow Saw
24:23 Heavy Plow
23:48 Crossbowman
25:24 Gold Shaft Mining
24:42 Stone Mining
28:57 Bodkin Arrow
29:40 Wheelbarrow
28:55 Town Watch
30:44 Hand Cart
42:22 Imperial Age
42:40 Ballistics
42:37 Arbalester
42:50 Arbalester
naYummuYan
0:50 Loom
10:23 Feudal Age
10:29 Man-at-Arms
11:15 Long Swordsman
18:35 Double-Bit Axe
24:06 Horse Collar
26:18 Pikeman
32:29 Castle Age
32:33 Halberdier
35:21 Squires
36:36 Gambesons
36:53 Scale Mail Armor
38:11 Wheelbarrow
40:23 Forging
40:33 Two-Handed Swordsman
41:50 Iron Casting
43:15 Champion
44:12 Chain Mail Armor
44:02 Caravan
恩底弥翁之鹰
11:31 Feudal Age
15:46 Castle Age
13:57 Double-Bit Axe
14:00 Horse Collar
16:26 Wheelbarrow
16:55 Stone Mining
16:59 Gold Mining
26:40 Husbandry
27:14 Bloodlines
27:33 Heavy Plow
32:03 Imperial Age
29:21 Loom
29:54 Hand Cart
30:41 Scale Barding Armor
30:47 Forging
33:18 Crop Rotation
32:18 Elite Battle Elephant
33:20 Conscription
34:58 Gold Shaft Mining
34:59 Stone Shaft Mining
34:26 Elite Ballista Elephant
35:08 Double Crossbow
37:06 Chain Barding Armor
37:31 Ballistics
38:11 Chemistry
37:52 Padded Archer Armor
37:44 Fletching
38:32 Bow Saw
38:50 Leather Archer Armor
40:07 Bodkin Arrow
40:43 Ring Archer Armor
39:43 Elite Skirmisher
41:00 Tusk Swords
41:23 Bracer
42:00 Plate Barding Armor
42:01 Iron Casting
45:18 Tusk Swords
47:44 Blast Furnace
48:23 Light Cavalry
dashuaibi
0:41 Loom
11:57 Feudal Age
16:04 Castle Age
14:27 Double-Bit Axe
15:22 Horse Collar
22:16 Bow Saw
23:44 Scale Barding Armor
25:17 Forging
26:27 Heavy Plow
28:25 Wheelbarrow
31:06 Imperial Age
29:04 Gold Mining
29:55 Hand Cart
30:18 Iron Casting
30:59 Chain Barding Armor
31:06 Fletching
32:24 Gold Shaft Mining
31:41 Stone Mining
32:17 Conscription
32:21 Devotion
33:38 Crop Rotation
34:45 Two-Man Saw
34:20 Logistica
35:19 Stone Shaft Mining
35:20 Husbandry
36:10 Plate Barding Armor
35:30 Bodkin Arrow
37:23 Faith
37:27 Elite Cataphract
39:37 Bracer
39:37 Padded Archer Armor
40:40 Hoardings
41:04 Guilds
41:25 Coinage
40:57 Caravan
42:26 Chemistry
41:07 Treadmill Crane
48:17 Ballistics
47:54 Murder Holes
48:09 Fortified Wall
Josephine Explosiphine
2:45 Loom
13:41 Feudal Age
17:38 Castle Age
15:29 Double-Bit Axe
15:43 Horse Collar
36:13 Fletching
38:44 Heavy Plow
39:59 Wheelbarrow
41:06 Hand Cart
41:14 Forging
41:10 Scale Barding Armor
41:10 Scale Mail Armor
41:06 Bodkin Arrow
41:11 Padded Archer Armor
43:01 Bow Saw
43:31 Iron Casting
43:01 Scale Barding Armor
43:44 Stone Mining
44:06 Gold Mining
48:24 Imperial Age
46:17 Chain Barding Armor
46:12 Chain Mail Armor
48:17 Szlachta Privileges
48:21 Light Cavalry
49:12 Bloodlines
49:02 Husbandry
帝国孙笑川
11:03 Feudal Age
12:08 Loom
12:42 Fletching
13:10 Stone Mining
13:09 Double-Bit Axe
13:18 Horse Collar
16:48 Wheelbarrow
22:41 Castle Age
21:43 Bloodlines
21:48 Scale Barding Armor
22:48 Forging
23:43 Chain Barding Armor
23:26 Husbandry
27:24 Town Watch
27:41 Gold Mining
34:33 Imperial Age
34:39 Imperial Age
34:13 Gold Shaft Mining
35:29 Bodkin Arrow
35:35 Padded Archer Armor
36:09 Hand Cart
36:10 Bow Saw
36:07 Elite Skirmisher
37:31 Leather Archer Armor
38:47 Ring Archer Armor
41:42 Chemistry
41:03 Ballistics
44:13 Masonry
44:47 Town Patrol
44:27 Cavalier
45:39 Cavalier
Connection lost

Rejoining the realm…

Still unreachable

The connection could not be restored.

Session expired

The server has moved on; the page needs a fresh start.